 Dungeon Crawl Stone Soup version 0.31-a0-795-g5eb97db20b (webtiles) character file.

Game seed: 18199939508679122755

64824 demibob the Spry (level 15, 0/129 HPs)
             Began as a Merfolk Chaos Knight on Sept 18, 2023.
             Was a Plaything of Xom.
             Constricted to death by Jorgrun (3 damage)
             ... while petrified by Jorgrun
             ... on level 12 of the Dungeon.
             The game lasted 00:48:02 (17485 turns).

demibob the Spry (Merfolk Chaos Knight)            Turns: 17485, Time: 00:48:03

Health: 0/129      AC: 10    Str: 16    XL:     15   Next: 14%
Magic:  15/15      EV: -1    Int: 11    God:    Xom [..*...]
Gold:   1791       SH:  0    Dex: 26    Spells: 14/14 levels left

rFire   . . .        a - +5 Force Lance {heavy, knockback}
rCold   + . .        (no shield)
rNeg    + + +        y - +2 leather armour
rPois   ∞            (no helmet)
rElec   .            u - +1 cloak {rPois}
rCorr   .            (no gloves)
SInv    +            l - +0 pair of boots "Bano" {rC+ Slay+6}
Will    +....        w - amulet of reflection
Stlth   ++           v - ring of see invisible
HPRegen 0.41/turn    D - +6 ring of dexterity
MPRegen 0.14/turn

%: reflection
@: petrified, grasped by roots, constricted
A: (nimble swimmer 2), mertail, iridescent scales 1, poison resistance,
screaming 1, strong 1, evolution 1, sturdy frame 1
a: Renounce Religion


You were on level 12 of the Dungeon.
You worshipped Xom.
You were a toy of Xom.
You visited 3 branches of the dungeon, and saw 19 of its levels.

You collected 2913 gold pieces.
You spent 1122 gold pieces at shops.


Innate Abilities, Weirdness & Mutations

((You are very nimble when in or above water. (Stealth+, EV+, Speed+++)))
Your lower body shifts to a powerful aquatic tail in water.
You are partially covered in iridescent scales. (AC +2)
Your system is resistant to poisons. (rPois)
You occasionally shout uncontrollably at your foes.
Your muscles are strong. (Str +4, Int/Dex -1)
You have hidden genetic potential.
Your movements are slightly less encumbered by armour. (ER -2)


   Skills:
 + Level 15.0 Fighting
 - Level 20.0 Polearms
 + Level 3.2 Armour
 - Level 20.6 Dodging


You had 14 spell levels left.
You didn't know any spells.
Your spell library contained the following spells:

 Spells                   Type           Power      Damage    Failure   Level
 Foxfire                  Conj/Fire      0%         2x1d4     36%         1
 Sting                    Tmut/Pois      0%         1d3       36%         1
 Blink                    Tloc           0%         N/A       50%         2
 Jinxbite                 Hex            0%         N/A       50%         2
 Poisonous Vapours        Pois/Air       0%         N/A       50%         2
 Sublimation of Blood     Necr           0%         N/A       50%         2
 Dazzling Flash           Conj/Hex       0%         N/A       73%         3
 Inner Flame              Hex/Fire       0%         N/A       73%         3
 Volatile Blastmotes      Fire/Tloc      0%         2d10      73%         3
 Animate Armour           Summ/Erth      0%         N/A       98%         4
 Flame Wave               Conj/Fire      0%         2d4       98%         4
 Olgreb's Toxic Radiance  Pois           0%         N/A       98%         4
 Passage of Golubria      Tloc           0%         N/A       98%         4
 Sticky Flame             Conj/Fire      0%         2d3       98%         4
 Summon Ice Beast         Ice/Summ       0%         N/A       98%         4
 Summon Lightning Spire   Summ/Air       0%         N/A       98%         4
 Lee's Rapid Deconstruct  Erth           0%         3d4*      100%        5
 Silence                  Hex/Air        0%         N/A       100%        5
 Summon Forest            Summ/Tloc      0%         N/A       100%        5
 Summon Mana Viper        Hex/Summ       0%         N/A       100%        5
 Eringya's Noxious Bog    Tmut/Pois      0%         4d6       100%        6
 Plasma Beam              Fire/Air       0%         2x1d10    100%        6
 Starburst                Conj/Fire      0%         6d3       100%        6
 Monstrous Menagerie      Summ           0%         N/A       100%        7
 Summon Hydra             Summ           0%         N/A       100%        7
 Lehudib's Crystal Spear  Conj/Erth      0%         10d2      100%        8
 Maxwell's Capacitive Co  Air            0%         ∞         100%        8

Inventory:

Hand Weapons
 a - the +5 Force Lance (weapon) {heavy, knockback}
   (You bought it in a shop on level 1 of the Orcish Mines)
 b - a +0 glaive
 s - a +1 spear of chaos
 z - a +0 trident
 E - the +8 whip "Snakebite" {venom, curare, rPois, =f}
   (You took it off Amaemon on level 3 of the Lair of Beasts)

   rPois:     It protects you from poison
Armour
 l - the +0 pair of boots "Bano" (worn) {rC+ Slay+6}
   (You found it on level 3 of the Dungeon)

   Slay+6:    It affects your accuracy & damage with ranged weapons and melee
   (+6).
   rC+:       It protects you from cold.
 u - a +1 cloak of poison resistance (worn)
 y - a +2 leather armour (worn)
Jewellery
 c - a ring of protection from cold
 v - a ring of see invisible (left hand)
 w - an amulet of reflection (around neck)
 C - a ring of ice
 D - a +6 ring of dexterity (right hand)
 G - a ring of protection from cold
 P - a ring of poison resistance
Wands
 g - a wand of roots (6)
 n - a wand of charming (4)
 p - a wand of flame (43)
 q - a wand of mindburst (1)
 r - a wand of polymorph (5)
 H - a wand of acid (5)
Scrolls
 d - 3 scrolls of revelation
 f - 4 scrolls of teleportation {@r2}
 A - a scroll of identify {@r1}
 F - a scroll of immolation
Potions
 e - 2 potions of ambrosia
 k - 2 potions of curing {@q1}
 m - 3 potions of enlightenment
 o - a potion of brilliance
 t - 3 potions of mutation
 x - a potion of resistance

Dungeon Overview and Level Annotations

Branches:
Dungeon (12/15)            Temple (0/1) D:5            Lair (5/5) D:8
 Shoals (0/4) Lair:3        Snake (0/4) Lair:2        Slime (0/5) Lair:4
    Orc (2/2) D:9             Elf (0/3) Orc:2

Altars:
Ashenzari
Dithmenos
Elyvilon
Gozag
Kikubaaqudgha
Makhleb
Nemelex Xobeh
Qazlal
Ru
Sif Muna
Trog
Uskayaw
Vehumet
Xom
Yredelemnul

Shops:
D:1 *   D:11 *   Orc:1 (   Orc:2 *(((

Annotations:
D:3 2 runed translucent doors, ratmeat3's ghost, amateur TrSh
D:12 Jorgrun
Lair:3 3 runed translucent doors, Etuanuguth's ghost, journeyman MeEE

##............
#............
............ ...........
....§§○○§. ...$
....§○§§§# ......
....§○§○○# .......
....§§§@.# ##........
....§○☼○§§###..........
....§○○☼§§§○§$.........
....§○§§§§g§§○§.........
>...☼☼§☼§§○u§.§.........
....§§○○○○§§.○○.........
....§§○§§§§.§§§.........
....☼§§☼☼§○☼§○z.........
....................


You could see Jorgrun, a purple ugly thing and a skeletal warrior.


Message History

Nessos flaps its wings at you. The air twists around and strikes you!
* * * LOW HITPOINT WARNING * * *
Jorgrun gestures at you while chanting. The entropic shot hits you!!!
* * * LOW HITPOINT WARNING * * *
Nessos is engulfed in poison gas.
Nessos looks even sicker.
Jorgrun casts a spell at you.
Roots burst forth from the earth!
The grasping roots grab you! The grasping roots constrict you!
* * * LOW HITPOINT WARNING * * *
Nessos is engulfed in poison gas.
Nessos looks as sick as possible!
Nessos flaps its wings at you. The air twists around and strikes you!
* * * LOW HITPOINT WARNING * * *
Jorgrun gestures at you while chanting. You resist with significant effort.
The grasping roots constrict you!
* * * LOW HITPOINT WARNING * * *
Nessos is engulfed in poison gas.
Nessos looks as sick as possible!
You kill Nessos!
Nessos returns to their original shape as they die.
Jorgrun casts a spell at you. The entropic shot hits you!!
* * * LOW HITPOINT WARNING * * *
The grasping roots constrict you!
* * * LOW HITPOINT WARNING * * *
The grasping roots constrict you!
You die...
Xom chuckles heartily!

Skill      XL: |  1  2  3  4  5  6  7  8  9 10 11 12 13 14 15 |
---------------+----------------------------------------------+-----
Polearms       | 5 6 7 8 9 11 13 15 16 18 19 20 | 20.0
Dodging        | 3 4 5 6 8 10 12 14 16 17 19 20 | 20.6
Fighting       | 5 8 10 12 14 15 | 15.0
Armour         | 2 3 |  3.2

Action                     |  1- 3 |  4- 6 |  7- 9 | 10-12 | 13-15 || total
---------------------------+-------+-------+-------+-------+-------++-------
  Melee: Spear             |   145 |    84 |   209 |    92 |       ||   530
         Punch             |     2 |     2 |     2 |    11 |     3 ||    20
         Headbutt          |       |    12 |    41 |   135 |    77 ||   265
         Bite              |       |     3 |    22 |    63 |     2 ||    90
         Trident           |       |       |       |   410 |    17 ||   427
         Glaive            |       |       |       |   125 |   494 ||   619
         Tailslap          |       |       |       |     3 |     2 ||     5
         Lance             |       |       |       |       |   275 ||   275
  Evoke: Wand              |       |       |     1 |     1 |    11 ||    13
    Use: Scroll            |     2 |     9 |     2 |    11 |    12 ||    36
         Potion            |       |       |     2 |     3 |     9 ||    14
   Stab: Petrified         |     9 |       |       |       |     3 ||    12
         Sleeping          |     3 |       |     3 |     1 |       ||     7
         Paralysed         |       |       |     2 |       |       ||     2
         Confused          |       |       |     1 |     5 |     8 ||    14
         Distracted        |       |       |       |     5 |     2 ||     7
         Invisible         |       |       |       |    10 |     2 ||    12
 Armour: Leather armour    |    53 |    17 |    35 |   111 |   204 ||   420
         Skin              |       |       |       |       |     6 ||     6
  Dodge: Dodged            |    77 |    27 |    30 |   249 |   554 ||   937
  Block: Other             |       |       |     3 |    61 |   135 ||   199
         Reflection        |       |       |       |     2 |    17 ||    19

Levels and vault maps discovered:
D:1:      saegor_arrival_simple_c, layout_loops_ring, serial_shops, shop,
          minmay_quantized
D:2:      layout_basic, nicolae_ecumenical_pavilion, basic_altar
D:3:      layout_loops_ring, mainiacjoe_overflow_concentric_impassable,
          marbit_many_paths, grunt_temple_overflow_diamond,
          ebering_ghost_disaster_area
D:4:      layout_basic, mainiacjoe_overflow_boulevard, uniq_pikel
D:5:      layout_loops_cross, trog_butcher_becter, mainiacjoe_overflow_brackets,
          nicolae_qazlal_scattered_showers, nicolae_ru_awakened_eye,
          minmay_temple_entry_glass, uniq_crazy_yiuf_cottage, uniq_eustachio,
          uniq_ijyb, uniq_blork_the_orc
D:6:      cheibrodos_barr_body, layout_basic
D:7:      layout_cave_pools, glass_columns_c, minmay_alternating_orb,
          uniq_menkaure
D:8:      layout_rooms, mainiacjoe_overflow_tiny_flanked,
          erik_lair_orcish_takeover, uniq_grum
D:9:      layout_long_grid, lemuel_round_altar, david_orc_3
D:10:     layout_stronghold
D:11:     layout_irregular_city, guppyfry_shop_venom
D:12:     layout_big_octagon, nicolae_water_bricks, uniq_nessos, uniq_psyche,
          uniq_jorgrun
Lair:1:   layout_chaotic_city, basic_altar, minmay_holes,
          chequers_serial_rivers_small_b, grunt_megastairs_4,
          lemuel_fruit_fields
Lair:2:   layout_hall_layers, nicolae_snake_entry_squirm, lemuel_fruit_tree,
          infiniplex_staircase_pool_2, grunt_megastairs_1, uniq_nergalle
Lair:3:   layout_regular_city, elwin_shoals_entry_stream, enter_volcano_3,
          gammafunk_ghost_hydra_chop, uniq_amaemon
Lair:4:   layout_cellular_growth, dpeg_slime_entry_enclosed, minivault_24,
          grunt_megastairs_5
Lair:5:   evilmike_catoblepas_cave, layout_hall_layers, uniq_kirke
Orc:1:    layout_diamond_mine, serial_shops, shop, nicolae_orc_flooded_monolith,
          uniq_erolcha
Orc:2:    st_orc_elflike, layout_caves, nicolae_orc_crystal_geode

Notes
Turn   | Place    | Note
-------+----------+-------------------------------------------
     0 | D:1      | demibob the Merfolk Chaos Knight began the quest for the
                  | Orb.
     0 | D:1      | Reached XP level 1. HP: 18/18 MP: 1/1
   152 | D:1      | Reached XP level 2. HP: 24/24 MP: 2/2
   203 | D:1      | Reached skill level 5 in Polearms
   206 | D:1      | XOM: silly message
   329 | D:1      | XOM is BORED!
   329 | D:1      | XOM: summons 2 hostile demons
   550 | D:1      | XOM: snakes to sticks
   559 | D:1      | Found Beehyocly's General Store.
   575 | D:1      | Reached XP level 3. HP: 29/29 MP: 3/3
   957 | D:2      | Found a faded altar of an unknown god.
   970 | D:2      | Reached skill level 3 in Dodging
  1083 | D:2      | Found an ancient bone altar of Kikubaaqudgha.
  1380 | D:2      | XOM: smoke on damage
  1486 | D:2      | Reached XP level 4. HP: 31/35 MP: 4/4
  1490 | D:2      | Reached skill level 6 in Polearms
  1578 | D:2      | XOM: give mutations
  1578 | D:2      | Gained mutation: You are somewhat resistant to further
                  | mutation. [Xom's grace]
  1578 | D:2      | Gained mutation: You have supernaturally acute eyesight.
                  | (SInv) [Xom's grace]
  1578 | D:2      | Gained mutation: You have a pair of small horns on your
                  | head. [Xom's grace]
  1680 | D:3      | Reached skill level 4 in Dodging
  1739 | D:3      | XOM: 1-stop teleportation journey
  1784 | D:3      | Reached XP level 5. HP: 38/41 MP: 5/5
  1848 | D:3      | Found a shadowy altar of Dithmenos.
  1850 | D:3      | Found a hide-covered altar of Uskayaw.
  1853 | D:3      | Found an opulent altar of Gozag.
  1866 | D:3      | Found a large runed translucent door.
  1867 | D:3      | Found a large runed translucent door.
  1870 | D:3      | Noticed ratmeat3's ghost (amateur TrSh)
  1940 | D:3      | Identified the +0 pair of boots "Bano" {rC+ Slay+6}
  2051 | D:3      | Found a shimmering blue altar of Sif Muna.
  2294 | D:3      | Found a white marble altar of Elyvilon.
  2294 | D:3      | XOM: give mutations
  2294 | D:3      | Gained mutation: Armour fits poorly on your strangely
                  | shaped body. [Xom's mischief]
  2294 | D:3      | Gained mutation: You have very sharp teeth. [Xom's
                  | mischief]
  2294 | D:3      | Gained mutation: You occasionally lose the ability to read
                  | scrolls when taking damage. [Xom's mischief]
  2456 | D:3      | XOM: stat loss: -1 Int (11/12)
  2479 | D:3      | XOM: noise
  2710 | D:4      | Found a basalt altar of Yredelemnul.
  2766 | D:4      | XOM: noise
  2897 | D:4      | Reached skill level 7 in Polearms
  2897 | D:4      | Reached skill level 5 in Dodging
  2905 | D:4      | Reached XP level 6. HP: 38/47 MP: 6/6
  2982 | D:4      | Noticed Pikel
  2995 | D:4      | XOM: divine lightning
  2997 | D:4      | Killed Pikel
  2998 | D:4      | Reached skill level 8 in Polearms
  2998 | D:4      | Reached skill level 6 in Dodging
  2998 | D:4      | Reached XP level 7. HP: 42/52 MP: 7/7
  3022 | D:4      | XOM: stat loss: -1 Int (11/12)
  3036 | D:4      | XOM: 4-stop teleportation journey
  3086 | D:4      | Reached skill level 7 in Dodging
  3300 | D:4      | XOM: give mutations
  3300 | D:4      | Lost mutation: You are somewhat resistant to further
                  | mutation. [Xom's grace]
  3300 | D:4      | Gained mutation: You have hidden genetic potential. [Xom's
                  | grace]
  3300 | D:4      | Gained mutation: Your mind is acute. (Int +4, Str/Dex -1)
                  | [Xom's grace]
  3422 | D:5      | Entered Level 5 of the Dungeon
  3431 | D:5      | Reached skill level 9 in Polearms
  3486 | D:5      | XOM: give mutations
  3486 | D:5      | Gained mutation: Your mind is very acute. (Int +8, Str/Dex
                  | -2) [Xom's grace]
  3486 | D:5      | Gained mutation: Your flesh is heat resistant. (rF+) [Xom's
                  | grace]
  3486 | D:5      | Gained mutation: A frigid envelope surrounds you and
                  | freezes all who hurt you. [Xom's grace]
  3486 | D:5      | Gained mutation: You have a pair of horns on your head.
                  | [Xom's grace]
  3601 | D:5      | Found a radiant altar of Vehumet.
  3609 | D:5      | Found a stormy altar of Qazlal.
  3615 | D:5      | XOM: scenery: create altars
  3645 | D:5      | Found a sacrificial altar of Ru.
  3656 | D:5      | Noticed Eustachio
  3671 | D:5      | Killed Eustachio
  3672 | D:5      | Reached skill level 8 in Dodging
  3672 | D:5      | Reached XP level 8. HP: 58/58 MP: 8/8
  3868 | D:5      | Noticed Blork the orc
  3882 | D:5      | Killed Blork the orc
  3883 | D:5      | Reached skill level 10 in Polearms
  3890 | D:5      | Gained mutation: Your natural rate of healing is unusually
                  | fast. [hidden potential]
  3894 | D:5      | Noticed Ijyb
  3906 | D:5      | Killed Ijyb
  3931 | D:5      | Found a bloodstained altar of Trog.
  4019 | D:5      | Found a staircase to the Ecumenical Temple.
  4035 | D:5      | XOM: silly message
  4105 | D:5      | Reached skill level 9 in Dodging
  4294 | D:5      | Found a runed translucent door.
  4295 | D:5      | Noticed Crazy Yiuf
  4299 | D:5      | Killed Crazy Yiuf
  4376 | D:6      | XOM: silly message
  4463 | D:6      | XOM: god gift: +1 battleaxe of chaos
  4500 | D:6      | XOM: 1-stop teleportation journey
  4668 | D:6      | Reached skill level 11 in Polearms
  4668 | D:6      | Reached skill level 10 in Dodging
  4898 | D:6      | Reached XP level 9. HP: 64/64 MP: 9/9
  4926 | D:6      | Gained mutation: You have great hidden genetic potential.
                  | [hidden potential]
  4926 | D:6      | Lost mutation: You have great hidden genetic potential.
                  | [hidden potential expressed]
  4934 | D:6      | Reached skill level 12 in Polearms
  4934 | D:6      | Reached skill level 11 in Dodging
  4936 | D:6      | Noticed a boulder beetle
  4964 | D:6      | XOM: scenery: summon butterflies
  5021 | D:6      | Killed a boulder beetle
  5056 | D:6      | Reached skill level 12 in Dodging
  5180 | D:7      | Reached skill level 13 in Polearms
  5198 | D:7      | Reached XP level 10. HP: 50/70 MP: 10/10
  5203 | D:7      | XOM: fog
  5224 | D:7      | Gained mutation: You are robust. (+10% HP) [hidden
                  | potential]
  5240 | D:7      | Reached skill level 13 in Dodging
  5317 | D:7      | Noticed Menkaure
  5327 | D:7      | Killed Menkaure
  5420 | D:7      | Reached skill level 14 in Polearms
  5742 | D:8      | Found a staircase to the Lair.
  5785 | D:8      | Noticed a gargoyle
  5788 | D:8      | XOM: scenery: create altars
  5796 | D:8      | Found a broken altar of Ashenzari.
  5801 | D:8      | XOM: scenery: create altars
  5804 | D:8      | Killed a gargoyle
  5898 | D:8      | Reached skill level 4 in Fighting
  5898 | D:8      | Reached skill level 14 in Dodging
  5961 | D:8      | Noticed Grum
  5971 | D:8      | Killed Grum
  5986 | D:8      | XOM: 3-stop teleportation journey
  6259 | D:9      | Reached skill level 15 in Polearms
  6270 | D:9      | Reached skill level 5 in Fighting
  6274 | D:9      | Found a staircase to the Orcish Mines.
  6307 | D:9      | XOM: chaos upgrade
  6321 | D:9      | Noticed a kobold demonologist
  6321 | D:9      | XOM: blink monster(s)
  6326 | D:9      | Reached XP level 11. HP: 67/88 MP: 11/11
  6415 | D:9      | Gained mutation: Your muscles are strong. (Str +4, Int/Dex
                  | -1) [hidden potential]
  6415 | D:9      | Lost mutation: You have hidden genetic potential. [hidden
                  | potential expressed]
  6417 | D:9      | XOM: swap monsters
  6429 | D:9      | XOM: noise
  6439 | D:9      | Found a sparkling altar of Nemelex Xobeh.
  6865 | Lair:1   | Entered Level 1 of the Lair of Beasts
  6891 | Lair:1   | Found a burning altar of Makhleb.
  6892 | Lair:1   | a torpor snail changed into a steelbarb worm
  6892 | Lair:1   | Noticed a steelbarb worm
  6892 | Lair:1   | XOM: polymorph torpor snail -> steelbarb worm
  6914 | Lair:1   | Killed a steelbarb worm
  6915 | Lair:1   | Reached skill level 6 in Fighting
  6918 | Lair:1   | Reached skill level 15 in Dodging
  6997 | Lair:1   | XOM: summons 5 friendly demons
  7018 | Lair:1   | XOM: confuse monster(s)
  7038 | Lair:1   | Reached skill level 7 in Fighting
  7038 | Lair:1   | Reached skill level 16 in Polearms
  7698 | Lair:2   | XOM: noise
  7714 | Lair:2   | XOM: stat loss: -1 Str (13/14)
  7719 | Lair:2   | Noticed Nergalle
  7732 | Lair:2   | Killed Nergalle
  7733 | Lair:2   | Reached skill level 8 in Fighting
  7772 | Lair:2   | XOM: enchant monster (bad)
  7827 | Lair:2   | XOM: 4-stop teleportation journey
  7833 | Lair:2   | XOM: confusion (+ monsters)
  7845 | Lair:2   | Reached skill level 16 in Dodging
  7845 | Lair:2   | Reached XP level 12. HP: 73/101 MP: 12/12
  7933 | Lair:2   | Got a glistering book
  8035 | Lair:2   | XOM: noise
  8111 | Lair:2   | Noticed a skyshark
  8124 | Lair:2   | XOM: summons 1 hostile demon
  8126 | Lair:2   | XOM: potion effect (brilliance)
  8152 | Lair:2   | Reached skill level 17 in Polearms
  8163 | Lair:2   | Killed a skyshark
  8168 | Lair:2   | Reached skill level 9 in Fighting
  8171 | Lair:2   | Identified a potion of resistance
  8202 | Lair:2   | XOM: give mutations
  8202 | Lair:2   | Lost mutation: You occasionally lose the ability to read
                  | scrolls when taking damage. [Xom's mischief]
  8202 | Lair:2   | Lost mutation: Your flesh is heat resistant. (rF+) [Xom's
                  | mischief]
  8202 | Lair:2   | Lost mutation: Your muscles are strong. (Str +4, Int/Dex
                  | -1) [Xom's mischief]
  8202 | Lair:2   | Lost mutation: You are robust. (+10% HP) [Xom's mischief]
  8334 | Lair:2   | XOM: polymorph cane toad -> harpy
  8391 | Lair:2   | XOM: give mutation
  8391 | Lair:2   | Gained mutation: You passively map a small area around you.
                  | [Xom's grace]
  8394 | Lair:2   | Found a staircase to the Snake Pit.
  8542 | Lair:3   | XOM: destruction
  8543 | Lair:3   | XOM: god gift: scroll of blinking
  8580 | Lair:3   | XOM: enchant monster (good)
  8600 | Lair:3   | Reached skill level 17 in Dodging
  8684 | Lair:3   | XOM: swap monsters
  8752 | Lair:3   | Reached skill level 10 in Fighting
  8819 | Lair:3   | XOM: noise
  8904 | Lair:3   | Noticed Amaemon
  8915 | Lair:3   | Killed Amaemon
  8916 | Lair:3   | Reached skill level 18 in Polearms
  8927 | Lair:3   | Noticed a seven-headed hydra
  8941 | Lair:3   | XOM: blink monster(s)
  8965 | Lair:3   | Reached XP level 13. HP: 104/104 MP: 13/13
  9025 | Lair:3   | Found a staircase to the Shoals.
  9076 | Lair:3   | Found a dark tunnel.
  9144 | Lair:3   | XOM: 1-stop teleportation journey
  9181 | Lair:3   | XOM: scenery: 1 doors open
  9310 | Lair:3   | Found a runed translucent gate.
  9310 | Lair:3   | Found a runed translucent gate.
  9310 | Lair:3   | Found a runed translucent gate.
  9312 | Lair:3   | Noticed Etuanuguth's ghost (journeyman MeEE)
  9345 | Lair:3   | XOM: give mutations
  9345 | Lair:3   | Lost mutation: You have very sharp teeth. [Xom's mischief]
  9345 | Lair:3   | Lost mutation: Your mind is very acute. (Int +8, Str/Dex
                  | -2) [Xom's mischief]
  9556 | Lair:4   | XOM: cast spell 'Summon Ice Beast'
  9558 | Lair:4   | XOM: divination: detect creatures
  9560 | Lair:4   | XOM: noise
  9637 | Lair:4   | XOM: silly message
  9757 | Lair:4   | XOM: destruction
  9760 | Lair:4   | XOM: cleaving
  9763 | Lair:4   | Reached skill level 11 in Fighting
  9766 | Lair:4   | Reached skill level 18 in Dodging
  9883 | Lair:4   | XOM: cast spell 'Summon Mana Viper'
 10027 | Lair:4   | XOM is BORED!
 10027 | Lair:4   | XOM: summons 3 hostile demons
 10426 | Lair:4   | Found a staircase to the Slime Pits.
 10472 | Lair:5   | Entered Level 5 of the Lair of Beasts
 10512 | Lair:5   | Noticed Kirke
 10527 | Lair:4   | XOM: divination: magic mapping
 10623 | Lair:4   | XOM: enchant monster (good)
 10626 | Lair:4   | XOM: divination: detect items
 10627 | Lair:4   | Killed Kirke
 10648 | Lair:5   | XOM: scenery: create altars
 10649 | Lair:5   | XOM: summons 13 friendly demons
 10710 | Lair:5   | XOM: polymorph elephant -> lindwurm
 10716 | Lair:5   | XOM: fake destruction
 10724 | Lair:5   | XOM: polymorph elephant -> merfolk
 10736 | Lair:5   | XOM: confuse monster(s)
 10737 | Lair:5   | Reached skill level 19 in Polearms
 10741 | Lair:5   | XOM: cleaving
 10743 | Lair:5   | XOM: divination: magic mapping
 10915 | Lair:5   | Reached skill level 12 in Fighting
 10947 | Lair:5   | Identified the +0 robe "Tajav" {Int+5}
 10965 | Lair:5   | XOM: confusion
 10968 | Lair:5   | XOM: enchant monster (good)
 11283 | Lair:5   | XOM: noise
 11297 | Lair:5   | XOM: give mutations
 11297 | Lair:5   | Gained mutation: You have a pair of large horns on your
                  | head. [Xom's mischief]
 11297 | Lair:5   | Gained mutation: Your spells are a little harder to cast,
                  | but a little more powerful. [Xom's mischief]
 11297 | Lair:5   | Lost mutation: You have supernaturally acute eyesight.
                  | (SInv) [Xom's mischief]
 11350 | Lair:5   | XOM: enchant monster (bad)
 11355 | Lair:5   | XOM: give mutations
 11355 | Lair:5   | Gained mutation: Your body sometimes deteriorates upon
                  | taking damage. [Xom's mischief]
 11355 | Lair:5   | Lost mutation: Your spells are a little harder to cast, but
                  | a little more powerful. [Xom's mischief]
 11403 | Lair:5   | XOM: swap monsters
 11404 | Lair:5   | Reached skill level 19 in Dodging
 11417 | Lair:5   | Reached XP level 14. HP: 87/116 MP: 14/14
 11422 | Lair:5   | XOM: noise
 11721 | Lair:5   | XOM: divination: magic mapping
 11855 | Lair:5   | XOM: potion effect (invisibility)
 11898 | Lair:5   | XOM: silly message
 12074 | Lair:2   | XOM: silly message
 12145 | D:10     | Entered Level 10 of the Dungeon
 12275 | D:10     | XOM: 2-stop teleportation journey
 12377 | D:10     | XOM: chaos upgrade
 12384 | D:10     | Reached skill level 13 in Fighting
 12433 | D:10     | XOM: enchant monster (good)
 12502 | D:10     | Reached skill level 20 in Polearms
 12516 | D:10     | XOM: give mutations
 12516 | D:10     | Lost mutation: Your natural rate of healing is unusually
                  | fast. [Xom's mischief]
 12516 | D:10     | Lost mutation: Your mind is acute. (Int +4, Str/Dex -1)
                  | [Xom's mischief]
 12516 | D:10     | Lost mutation: A frigid envelope surrounds you and freezes
                  | all who hurt you. [Xom's mischief]
 12517 | D:10     | Lost mutation: You passively map a small area around you.
                  | [potion of mutation]
 12517 | D:10     | Lost mutation: Armour fits poorly on your strangely shaped
                  | body. [potion of mutation]
 12517 | D:10     | Lost mutation: You have a pair of large horns on your head.
                  | [potion of mutation]
 12517 | D:10     | Gained mutation: You are somewhat resistant to further
                  | mutation. [potion of mutation]
 12518 | D:10     | Lost mutation: You have a pair of horns on your head.
                  | [potion of mutation]
 12518 | D:10     | Lost mutation: You have a pair of small horns on your head.
                  | [potion of mutation]
 12518 | D:10     | Lost mutation: Your body sometimes deteriorates upon taking
                  | damage. [potion of mutation]
 12518 | D:10     | Gained mutation: Your movements are slightly less
                  | encumbered by armour. (ER -2) [potion of mutation]
 13142 | D:11     | XOM: 5-stop teleportation journey
 13223 | D:11     | XOM: cleaving
 13877 | D:11     | XOM: give mutations
 13877 | D:11     | Gained mutation: Your muscles are strong. (Str +4, Int/Dex
                  | -1) [Xom's grace]
 13877 | D:11     | Gained mutation: You are partially covered in iridescent
                  | scales. (AC +2) [Xom's grace]
 13932 | D:11     | Found Gosir's Serpentskin Sales.
 14049 | D:11     | XOM: cloud trail
 14089 | D:11     | XOM: god gift: 546 gold pieces
 14133 | Orc:1    | Entered Level 1 of the Orcish Mines
 14147 | Orc:1    | XOM: destruction
 14157 | Orc:1    | XOM: summons friendly hellwing
 14161 | Orc:1    | XOM: polymorph orc wizard -> hound
 14222 | Orc:1    | XOM: give mutations
 14222 | Orc:1    | Gained mutation: Your movements are less encumbered by
                  | armour. (ER -4) [Xom's grace]
 14222 | Orc:1    | Lost mutation: You are somewhat resistant to further
                  | mutation. [Xom's grace]
 14222 | Orc:1    | Gained mutation: You have hidden genetic potential. [Xom's
                  | grace]
 14222 | Orc:1    | Gained mutation: You possess an exceptional clarity of
                  | mind. [Xom's grace]
 14222 | Orc:1    | Gained mutation: Your system is resistant to poisons.
                  | (rPois) [Xom's grace]
 14251 | Orc:1    | Noticed Erolcha
 14260 | Orc:1    | Killed Erolcha
 14312 | Orc:1    | XOM: give mutations
 14312 | Orc:1    | Gained mutation: You occasionally shout uncontrollably at
                  | your foes. [Xom's mischief]
 14312 | Orc:1    | Lost mutation: Your movements are less encumbered by
                  | armour. (ER -4) [Xom's mischief]
 14312 | Orc:1    | Lost mutation: You possess an exceptional clarity of mind.
                  | [Xom's mischief]
 14450 | Orc:1    | Found Ceedoz's Antique Weapon Shoppe.
 14463 | Orc:1    | Bought the +5 Force Lance {heavy, knockback} for 1122 gold
                  | pieces
 14463 | Orc:1    | Found the +5 Force Lance {heavy, knockback}
 14576 | Orc:1    | Reached skill level 20 in Dodging
 14576 | Orc:1    | Noticed an orc warlord
 14586 | Orc:1    | XOM: confusion (+ monsters)
 14621 | Orc:1    | XOM: destruction
 14622 | Orc:1    | Killed an orc warlord
 14726 | Orc:2    | Entered Level 2 of the Orcish Mines
 14877 | Orc:1    | XOM: god gift: staff of cold
 14890 | Orc:1    | XOM: summons 8 hostile demons
 15008 | Orc:2    | Found a staircase to the Elven Halls.
 15105 | Orc:1    | Reached skill level 14 in Fighting
 15264 | Orc:2    | XOM: summons friendly crimson imp
 15428 | Orc:2    | XOM: god gift: 34 gold pieces
 15511 | Orc:2    | XOM: cleaving
 15565 | Orc:2    | XOM: polymorph orc knight -> glowing orange brain
 15653 | Orc:2    | XOM: 2-stop teleportation journey
 15656 | Orc:2    | Paralysed by an orc sorcerer for 4 turns
 15747 | Orc:2    | XOM: 1-stop teleportation journey
 15840 | Orc:2    | XOM: scenery: create altars
 15853 | Orc:2    | Reached skill level 1 in Armour
 15945 | Orc:2    | XOM: 5-stop teleportation journey
 15978 | Orc:2    | Found Ihobeoh's Weapon Shoppe.
 16010 | Orc:2    | Found Ajorch's Antique Weapon Boutique.
 16017 | Orc:2    | Found Teloric's Weapon Boutique.
 16019 | Orc:2    | Found Naunnomm's Assorted Antiques.
 16632 | D:12     | XOM: silly message
 16637 | D:12     | Noticed Jorgrun
 16699 | D:12     | Noticed Psyche
 16704 | D:12     | Reached skill level 2 in Armour
 16708 | D:12     | Reached XP level 15. HP: 74/127 MP: 15/15
 16957 | D:11     | XOM: cast spell 'Olgreb's Toxic Radiance'
 16970 | D:11     | XOM: cleaving
 16976 | D:11     | Killed Psyche
 16999 | D:12     | XOM: noise
 17013 | D:12     | Noticed Nessos
 17159 | D:11     | XOM: god gift: 27 gold pieces
 17196 | D:12     | Nessos changed into Nessos the wind drake
 17196 | D:12     | Noticed Nessos
 17319 | D:11     | XOM: silly message
 17385 | D:11     | Reached skill level 3 in Armour
 17437 | D:11     | XOM: noise
 17443 | D:11     | Reached skill level 15 in Fighting
 17461 | D:12     | XOM: smoke on damage
 17483 | D:12     | Killed Nessos the wind drake
 17484 | D:12     | HP: 11/129 [Jorgrun/entropic shot (14)]
 17484 | D:12     | HP: 3/129 [constriction (8)]
 17485 | D:12     | Constricted to death by Jorgrun

Vanquished Creatures
  Kirke (Lair:4)
  An orc warlord (Orc:1)
  4 hydras
  Erolcha (Orc:1)
  5 catoblepae
  2 boulder beetles
  7 death yaks (Lair:5)
  3 two-headed ogres
  3 orc high priests
  Nergalle (Lair:2)
  4 skysharks
  3 skeletal warriors
  Amaemon (Lair:3)
  A glowing orange brain (Orc:2)
  A steelbarb worm (Lair:1)
  3 orc knights (Orc:2)
  Pikel (D:4)
  A lindwurm (Lair:5)
  5 orc sorcerers
  2 ugly things (D:12)
  A harpy (Lair:2)
  A manticore (Lair:5)
  2 cyclopes (D:11)
  5 elephants
  3 black mambas
  3 merfolk sirens (Lair:3)
  2 gargoyles
  9 cane toads
  An orange demon (Lair:3)
  2 kobold demonologists
  5 komodo dragons
  Psyche (D:11)
  3 rime drakes
  5 trolls
  2 merfolk
  4 polar bears
  A wind drake (D:12)
  3 blink frogs (Lair:3)
  2 dream sheep (Lair:1)
  A shadow (D:11)
  46 yaks
  7 wyverns
  2 hogs (Lair:5)
  A hog (shapeshifter) (D:11)
  7 basilisks
  Eustachio (D:5)
  6 steam dragons
  6 vampire mosquitoes
  Menkaure (D:7)
  Grum (D:8)
  4 nagas
  17 water moccasins
  An acid dragon (D:12)
  3 wargs
  2 hell hounds (Lair:3)
  A sky beast (D:7)
  24 orc warriors
  An ice beast (D:6)
  10 wolves
  6 centaurs
  12 ogres
  3 phantoms
  Blork the orc (D:5)
  15 bullfrogs
  A kobold brigand (D:10)
  4 scorpions
  A wight (D:6)
  11 killer bees
  3 howler monkeys
  6 hounds
  2 jellies
  A gnoll bouda (D:9)
  21 orc priests
  2 sleepcaps
  Crazy Yiuf (D:5)
  Ijyb (D:5)
  5 iguanas
  5 hell rats (Lair:5)
  18 orc wizards
  3 gnolls (D:9)
  14 adders
  2 shadow imps
  4 white imps (D:7)
  2 ufetubi
  2 worms
  A dart slug (D:2)
  57 orcs
  3 endoplasms
  12 goblins
  8 hobgoblins
  6 jackals (D:1)
  4 quokkas
  7 ball pythons
  4 bats
  5 frilled lizards
  14 kobolds
  3 rats
517 creatures vanquished.

Vanquished Creatures (collateral kills)
  A black mamba (Lair:4)
  A yak (Lair:1)
  An ogre (Orc:1)
  An orc priest (Orc:1)
  A hound (Orc:1)
  3 orcs (Orc:1)
8 creatures vanquished.

Vanquished Creatures (others)
  An orc high priest (Orc:1)
  A human (Lair:5)
  A lemure (D:4)
  An orc priest (D:10)
  An orc (Orc:1)
5 creatures vanquished.

Grand Total: 530 creatures vanquished

Table legend: (Time is in decaauts)
 A = Elapsed time spent in this place.
 B = Non-inter-level travel time spent in this place.
 C = Inter-level travel time spent in this place.
 D = Time resting spent in this place.
 E = Time spent auto-exploring this place.
 F = Levels seen in this place.
 G = Mean time per level.
                   A        B        C        D        E       F      G
               +--------+--------+--------+--------+--------+-----+--------+
         Total |  16884 |  15872 |   1012 |   1755 |  11120 |  19 |  888.6 |
       Dungeon |   9435 |   8853 |    582 |    950 |   6525 |  12 |  786.2 |
          Lair |   5091 |   4785 |    306 |    283 |   3401 |   5 | 1018.2 |
  Orcish Mines |   2356 |   2234 |    122 |    521 |   1194 |   2 | 1178.0 |
               +--------+--------+--------+--------+--------+-----+--------+

Top non-repeatable levels by time:
    D:11: 1525 daAuts
   Orc:2: 1446 daAuts
  Lair:5: 1363 daAuts
  Lair:3: 1111 daAuts
     D:4: 1014 daAuts
  Lair:4: 976 daAuts
    D:10: 971 daAuts
     D:1: 943 daAuts
   Orc:1: 910 daAuts
     D:5: 841 daAuts
  Lair:2: 832 daAuts
  Lair:1: 807 daAuts
     D:3: 800 daAuts
     D:9: 715 daAuts
     D:2: 710 daAuts

Table legend:
 A = Non-vault XP
 B = Vault XP
 C = Vault XP percentage of total XP
 D = Non-vault monster count
 E = Vault monster count
 F = Vault count percentage of total count
                 A         B        C        D         E       F
            +---------+---------+-------+---------+---------+-------
      Total |   55677 |   36930 |  39.9 |     373 |     152 |  29.0
            +---------+---------+-------+---------+---------+-------
        D:1 |      29 |       6 |  17.1 |      18 |       4 |  18.2
        D:2 |      56 |       0 |   0.0 |      18 |       0 |   0.0
        D:3 |     118 |       2 |   1.7 |      15 |       1 |   6.2
        D:4 |     437 |     266 |  37.8 |      20 |       1 |   4.8
        D:5 |     421 |     373 |  47.0 |      14 |       8 |  36.4
        D:6 |     618 |    1659 |  72.9 |      12 |      12 |  50.0
        D:7 |    1274 |    1173 |  47.9 |      16 |      16 |  50.0
        D:8 |     882 |    1234 |  58.3 |       8 |      13 |  61.9
        D:9 |    1679 |     285 |  14.5 |      23 |       8 |  25.8
       D:10 |    2762 |       0 |   0.0 |      19 |       0 |   0.0
       D:11 |    6719 |     398 |   5.6 |      22 |       4 |  15.4
       D:12 |    2648 |     273 |   9.3 |       8 |       1 |  11.1
     Lair:1 |    3913 |    2720 |  41.0 |      15 |      13 |  46.4
     Lair:2 |    5432 |    1878 |  25.7 |      20 |       8 |  28.6
     Lair:3 |    6355 |    3131 |  33.0 |      32 |       8 |  20.0
     Lair:4 |    5222 |    2823 |  35.1 |      16 |       5 |  23.8
     Lair:5 |    9201 |   11423 |  55.4 |      22 |      24 |  52.2
      Orc:1 |    5276 |    1655 |  23.9 |      45 |       2 |   4.3
      Orc:2 |    2635 |    7631 |  74.3 |      30 |      24 |  44.4
            +---------+---------+-------+---------+---------+-------
